AoeStats
← Lukas

Arabia

504560639Analyzed
1v1 RM · 27d ago on Sep 5, 2026· 53m 9s· 2 players
Game mode
Random Map
Map size
Tiny (2 player)
Population
200
Speed
Normal
Resources
Standard
Victory
Conquest
Starting age
Dark Age
Ending age
Imperial Age
RankedLock teamsTeams togetherTeam positionsShared explorationLock speedFull tech treeHidden civsTurbo modeCheats
Victory
Defeat
🇫🇷 Mongols · France
984
+17
🇨🇿 Bohemians · Czechia
996
-48
gruiky
7:20 Loom
9:34 Feudal Age
10:38 Double-Bit Axe
20:00 Castle Age
18:53 Fletching
19:17 Gold Mining
20:38 Wheelbarrow
19:55 Horse Collar
21:32 Bodkin Arrow
26:14 Padded Archer Armor
27:53 Bow Saw
29:00 Forging
31:35 Ballistics
37:06 Imperial Age
35:48 Iron Casting
35:19 Scale Barding Armor
37:11 Heavy Plow
37:51 Gold Shaft Mining
37:07 Stone Mining
39:31 Hand Cart
41:02 Blast Furnace
40:24 Chain Barding Armor
39:44 Cavalier
41:50 Nomads
41:22 Heavy Scorpion
43:39 Conscription
45:04 Husbandry
46:54 Town Watch
48:09 Drill
50:31 Chemistry
51:13 Light Cavalry
52:34 Bloodlines
Lukas
5:17 Loom
11:05 Feudal Age
15:27 Forging
16:12 Horse Collar
17:51 Scale Mail Armor
20:21 Double-Bit Axe
23:42 Castle Age
22:38 Fletching
22:48 Padded Archer Armor
25:04 Wheelbarrow
26:14 Hand Cart
27:44 Crossbowman
29:34 Leather Archer Armor
31:43 Bow Saw
32:20 Bodkin Arrow
32:43 Chain Mail Armor
33:03 Iron Casting
37:00 Heavy Plow
38:33 Scale Barding Armor
39:22 Pikeman
41:05 Chemistry
41:58 Elite Skirmisher
47:00 Light Cavalry
Connection lost

Rejoining the realm…

Still unreachable

The connection could not be restored.

Session expired

The server has moved on; the page needs a fresh start.